 Dungeon Crawl Stone Soup version 0.30.0-19-g36f170ea60 (webtiles) character file.

Game seed: 12052466600225009290

20 Graphine the Ducker (level 2, -3/25 HPs)
             Began as a Merfolk Monk on May 29, 2023.
             Slain by Natasha (7 damage)
             ... on level 2 of the Dungeon.
             The game lasted 00:01:40 (840 turns).

Graphine the Ducker (Merfolk Monk)                   Turns: 840, Time: 00:01:41

Health: -3/25      AC:  2    Str: 17    XL:     2   Next: 79%
Magic:  2/2        EV: 11    Int:  9    God:
Gold:   36         SH:  0    Dex: 16    Spells: 1/1 levels left

rFire   . . .        a - +2 falchion
rCold   . . .        d - orb {light}
rNeg    + . .        b - +0 robe
rPois   .            (no helmet)
rElec   .            (no cloak)
rCorr   .            (no gloves)
SInv    .            (no boots)
Will    .....        (no amulet)
Stlth   +            h - +6 ring of strength
HPRegen 0.24/turn    j - ring of positive energy
MPRegen 0.08/turn

%: no passive effects
@: glowing, constricted
A: (nimble swimmer 2), mertail
a: no special abilities


You were on level 2 of the Dungeon.
You visited 1 branch of the dungeon, and saw 2 of its levels.

You collected 36 gold pieces.

Inventory:

Hand Weapons
 a - a +2 falchion (weapon)
Armour
 b - a +0 robe (worn)
 d - an orb of light (worn)
Jewellery
 h - a +6 ring of strength (left hand)
 i - a ring of wizardry
 j - a ring of positive energy (right hand)
Potions
 c - a potion of ambrosia
 e - a potion of haste {unknown}
 f - a potion of might {unknown}


   Skills:
 + Level 3.7 Fighting
 + Level 4.0 Long Blades
 + Level 4.5 Dodging


You had one spell level left.
You didn't know any spells.
Your spell library contained the following spells:

 Spells                   Type           Power      Damage    Failure   Level
 Lesser Beckoning         Tloc           0%         N/A       52%         2
 Gell's Gravitas          Tloc           0%         N/A       77%         3
 Teleport Other           Tloc           0%         N/A       77%         3


Dungeon Overview and Level Annotations

Branches:
Dungeon (2/15)

Altars:

Annotations:
D:2 Jessica, Natasha


Innate Abilities, Weirdness & Mutations

((You are very nimble when in or above water. (Stealth+, EV+, Speed+++)))
Your lower body shifts to a powerful aquatic tail in water.


Message History

You closely miss the cerulean imp.
The cerulean imp is severely wounded.
Natasha claws you!
The cerulean imp hits you with a +1 spear.
Hit: a) +2 falchion
Press: ? - help, Dir - move target, f - Natasha
Aim: Natasha (haloed, about 25% to evade your +2 falchion)
You slash Natasha!
Natasha is heavily wounded.
Jessica shouts, "You are a ghastly nuisance!"
Natasha closely misses you. The ball python misses you.
The ball python barely misses you. Jessica hits you with a +0 club.
The cerulean imp hits you with a +1 spear.
* * * LOW HITPOINT WARNING * * *
Hit: a) +2 falchion
Press: ? - help, Dir - move target, f/p - Natasha
Aim: Natasha (heavily wounded, haloed, about 25% to evade your +2 falchion)
You hit Natasha.
Natasha is heavily wounded.
Jessica closely misses you.
Natasha mumbles some strange words.
You feel disoriented. Natasha closely misses you.
The ball python barely misses you. The ball python misses you.
The cerulean imp hits you but does no damage.
Jessica hits you with a +0 club.
* * * LOW HITPOINT WARNING * * *
The ball python closely misses you. x2; Natasha barely misses you.
Hit: a) +2 falchion
Press: ? - help, Dir - move target, f/p - Natasha
Aim: Natasha (heavily wounded, haloed, about 25% to evade your +2 falchion)
You slash Natasha!
Natasha is almost dead.
Jessica points at you and mumbles some strange words.
Pain shoots through your body!
* * * LOW HITPOINT WARNING * * *
The cerulean imp misses you. The ball python bites you.
* * * LOW HITPOINT WARNING * * *
The ball python grabs you. The ball python constricts you. Natasha claws you!
You die...

############
.......#...#### #..
..............###...
.....................
.................##..
.....................#
......h@....#.........
......5@S.............
......#.###...........
..... #.. #.#.........
.... ##.##.#.........
... #.##.#....S.... ..
#.....#........ .
###.#..........##
#.##........... #.
#..<......#


You could see Natasha, a cerulean imp (summoned), Jessica (fast) and a ball
python.

Vanquished Creatures
  A worm (D:2)
  An endoplasm (D:1)
  A goblin (D:2)
  A hobgoblin (D:1)
  A kobold (D:2)
  3 ball pythons
  A bat (D:1)
  5 frilled lizards
  7 rats
21 creatures vanquished.

Notes
Turn   | Place    | Note
-------+----------+-------------------------------------------
     0 | D:1      | Graphine the Merfolk Monk began the quest for the Orb.
     0 | D:1      | Reached XP level 1. HP: 18/18 MP: 1/1
   143 | D:1      | Reached XP level 2. HP: 20/24 MP: 2/2
   828 | D:2      | Noticed Jessica
   831 | D:2      | Noticed Natasha
   840 | D:2      | Slain by Natasha

Illustrated notes

Levels and vault maps discovered:
D:1:      mrwooster_arrival_statue_2, layout_basic
D:2:      layout_rooms, minmay_heptomino_h4, uniq_jessica, uniq_natasha

Skill      XL: |  1  2 |
---------------+-------+-----
Long Blades    | 4 |  4.0
Fighting       | |  3.7
Dodging        | |  4.5

Action                     || total
---------------------------++-------
  Melee: Falchion          ||    42
    Use: Scroll            ||     4
 Armour: Robe              ||     5
  Dodge: Dodged            ||    32
